 Dungeon Crawl Stone Soup version 0.27-a0-869-g165b36e3f0 (webtiles) character file.

Game seed: 15643928861980134256

35 sizableburger the Ruffian (level 3, 0/36 HPs)
             Began as an Ogre Transmuter on Apr 2, 2021.
             Succumbed to an adder's poison
             ... on level 1 of the Dungeon.
             The game lasted 00:03:06 (1324 turns).

sizableburger the Ruffian (Ogre Transmuter)         Turns: 1324, Time: 00:03:06

Health: 0/36       AC:  3    Str: 13 (14) XL:     3   Next: 33%
Magic:  6/7        EV:  9    Int: 12 (15) God:
Gold:   17         SH:  0    Dex:  8 (9)  Spells: 4/7 levels left

rFire    . . .     SeeInvis .     - Unarmed
rCold    . . .     Faith    .   (no shield)
rNeg     . . .     Spirit   .   a - +0 robe
rPois    .         Reflect  .   (helmet restricted)
rElec    .         Harm     .   (no cloak)
rCorr    .         Rampage  .   (gloves unavailable)
Will     .....                  (boots unavailable)
Stlth    +.........             (no amulet)
HPRegen  0.12/turn              (no ring)
MPRegen  0.10/turn              (no ring)

@: brilliant, lethally poisoned (0 -> -7), very slightly contaminated, invisible
A: large, unfitting armour, tough skin 1
a: no special abilities


You were on level 1 of the Dungeon.
You visited 1 branch of the dungeon, and saw 2 of its levels.

You collected 17 gold pieces.

Inventory:

Armour
 a - a +0 robe (worn)
Scrolls
 f - a scroll of magic mapping {unknown}
 g - a scroll of teleportation {unknown}
Potions
 c - a potion of brilliance


   Skills:
 + Level 2.5 Fighting
 - Level 1.7 Dodging
 + Level 3.1 Unarmed Combat
 - Level 2.6 Spellcasting
 + Level 2.3 Transmutations


You had 4 spell levels left.
You knew the following spells:

 Your Spells              Type           Power      Damage    Failure   Level
a - Beastly Appendage     Tmut           20%        N/A       10%         1
b - Wereblood             Tmut           10%        N/A       16%         2

Your spell library contained the following spells:

 Spells                   Type           Power      Damage    Failure   Level
 Spider Form              Tmut/Pois      3%         N/A       43%         3
 Ice Form                 Ice/Tmut       6%         N/A       85%         4
 Hydra Form               Tmut           5%         N/A       95%         5


Dungeon Overview and Level Annotations

Branches:
Dungeon (2/15)

Altars:


Innate Abilities, Weirdness & Mutations

You are too large for most types of armour.
You have tough skin. (AC +1)


Message History

Nothing appears to happen.
The adder closely misses you.
You barely miss the adder.
The adder is heavily wounded.
The adder bites you.
* * * LOW HITPOINT WARNING * * *
You are poisoned.
The adder poisons you! The adder bites you.
* * * LOW HITPOINT WARNING * * *
You are lethally poisoned!
The adder poisons you!
You catch the helpless adder completely off-guard!
You hit the adder.
The adder is almost dead.
* * * LOW HITPOINT WARNING * * *
You feel very sick. The adder barely misses you.
Okay, then.
As you read the scroll labelled KUF ETAENE, it crumbles to dust.
Wisps of shadow whirl around you...
It was a scroll of summoning.
* * * LOW HITPOINT WARNING * * *
You feel sick. The adder barely misses you.
You swap places.
* * * LOW HITPOINT WARNING * * *
You feel sick.
The adder closely misses your giant cockroach.
Your giant cockroach closely misses the adder.
Your ball python bites the adder but does no damage.
Your ball python closely misses the adder.
You swap places.
* * * LOW HITPOINT WARNING * * *
You feel sick. The adder bites your ball python.
Your ball python is poisoned.
The adder poisons your ball python!
Your ball python misses the adder.
Your ball python barely misses the adder.
Your giant cockroach completely misses the adder.
The adder bites your ball python.
As you read the scroll labelled ZOUWKU POFROT, it crumbles to dust.
You assume a fearsome visage.
The adder looks frightened!
It was a scroll of fear.
You die...

..###########
#.#.#.......#.#
..#
#.#.#########.#
###
#.#...........#
#
#.#############
# #.# # #.# #
#.# # #.# #
#@#######
##########
#w#.....#
'........#
#B#.###.####
####.....#
#S#........#
##.#.....#
#S#>..#..###
...#.....####
#.#.......#
##.#........#
#.#...#...####
#.#..).....#
#.#...#......#
##.###......#
#.....#.#.##.#


You could see an adder (fleeing, ally target), a friendly dart slug (summoned),
a friendly giant cockroach (summoned) and a friendly ball python (summoned,
poisoned).

Vanquished Creatures
  A ball python (D:1)
  An endoplasm (D:1)
  3 giant cockroaches (D:1)
  4 goblins (D:1)
  A hobgoblin (D:1)
  6 jackals (D:1)
  2 kobolds (D:1)
  2 quokkas (D:1)
  5 bats (D:1)
  A frilled lizard (D:1)
  A rat (D:1)
27 creatures vanquished.

Notes
Turn   | Place    | Note
-------+----------+-------------------------------------------
     0 | D:1      | sizableburger the Ogre Transmuter began the quest for the
                  | Orb.
     0 | D:1      | Reached XP level 1. HP: 19/19 MP: 3/3
   176 | D:1      | Reached XP level 2. HP: 19/28 MP: 3/5
   182 | D:1      | Learned a level 2 spell: Wereblood
   317 | D:1      | Found a faded altar of an unknown god.
   492 | D:1      | Reached skill level 3 in Unarmed Combat
   510 | D:1      | Reached XP level 3. HP: 31/35 MP: 5/7
  1323 | D:1      | HP: 1/36 [poisoned by an adder]
  1324 | D:1      | Succumbed to an adder's poison

Illustrated notes

Levels and vault maps discovered:
D:1:      dpeg_arrival_shelter, layout_basic, ebering_ecumenical_altar_box
D:2:      layout_loops_ring, serial_shops, shop_coins, basic_altar,
          kennysheep_doodads

Skill      XL: |  1  2 |
---------------+-------+-----
Transmutations | 2 |  2.3
Fighting       | 2 |  2.5
Unarmed Combat | 3 |  3.1
Dodging        | |  1.7
Spellcasting   | |  2.6

Action                   || total
-------------------------++-------
Melee: Unarmed           ||    85
       Kick              ||    15
       Headbutt          ||     5
 Cast: Beastly Appendage ||    21
  Use: Potion            ||     3
       Scroll            ||     2
 Stab: Invisible         ||     1
       Sleeping          ||     1
Armor: Robe              ||    28
Dodge: Dodged            ||    49

Table legend: (Time is in decaauts)
 A = Elapsed time spent in this place.
 B = Non-inter-level travel time spent in this place.
 C = Inter-level travel time spent in this place.
 D = Time resting spent in this place.
 E = Time spent auto-exploring this place.
 F = Levels seen in this place.
 G = Mean time per level.
                   A        B        C        D        E       F      G
               +--------+--------+--------+--------+--------+-----+--------+
         Total |   1319 |   1272 |     47 |    214 |    872 |   2 |  659.5 |
       Dungeon |   1319 |   1272 |     47 |    214 |    872 |   2 |  659.5 |
               +--------+--------+--------+--------+--------+-----+--------+

Top non-repeatable levels by time:
     D:1: 1315 daAuts
     D:2: 4 daAuts
